 Dungeon Crawl Stone Soup version 0.19.5 (webtiles) character file.

852 JeffiDaFish the Cudgeler (level 8, 0/48 HPs)
             Began as a Gargoyle Fighter on June 1, 2017.
             Killed from afar by unrecovered's ghost (6 damage)
             ... with a magic dart
             ... on level 5 of the Dungeon on July 3, 2017.
             The game lasted 00:10:58 (4307 turns).

JeffiDaFish the Cudgeler (Gargoyle Fighter)         Turns: 4307, Time: 00:10:58

Health: 0/48       AC: 18    Str: 26    XL:     8   Next: 1%
Magic:  8/8        EV:  6    Int:  8    God:
Gold:   234        SH: 10    Dex: 11    Spells: 0 memorised, 7 levels left

rFire  . . .     SeeInvis .     a - +0 flail
rCold  . . .     Gourm    .     r - +0 chain mail
rNeg   + . .     Faith    .     c - +0 shield
rPois  ∞         Spirit   .     s - +0 helmet
rElec  +         Reflect  .     (no cloak)
rCorr  .         Harm     .     g - +0 pair of gloves
MR     .....                    l - +0 pair of boots
Stlth  ..........               (no amulet)
                                (no ring)
                                (no ring)

@: mighty, drained
A: negative energy resistance 1, electricity resistance, unbreathing,
petrification resistance, rot immunity, AC +5
a: no special abilities


You were on level 5 of the Dungeon.
You were not hungry.

You visited 1 branch of the dungeon, and saw 5 of its levels.

You collected 234 gold pieces.

Inventory:

Hand Weapons
 a - a +0 flail (weapon)
Armour
 c - a +0 shield (worn)
 g - a +0 pair of gloves (worn)
 l - a +0 pair of boots (worn)
 r - a +0 chain mail (worn)
 s - a +0 helmet (worn)
Scrolls
 k - a scroll of blinking
 m - 2 scrolls of identify
 n - 2 scrolls of remove curse
 q - 4 scrolls of recharging
Potions
 e - 2 potions of curing
 i - a potion of cancellation
Books
 t - a book of Cantrips

   Spells                             Type                      Level
   a - Confusing Touch                Hexes                        1
   b - Animate Skeleton               Necromancy                   1
   c - Summon Small Mammal            Summoning                    1
   d - Apportation                    Translocation                1
 u - a book of Flames

   Spells                             Type                      Level
   a - Flame Tongue                   Conjuration/Fire             1
   b - Throw Flame                    Conjuration/Fire             2
   c - Conjure Flame                  Conjuration/Fire             3
   d - Inner Flame                    Hexes/Fire                   3
   e - Sticky Flame                   Conjuration/Fire             4
   f - Fireball                       Conjuration/Fire             5
Comestibles
 f - 3 bread rations
 h - 4 meat rations
 j - 6 fruits
 o - a slice of pizza
 p - a royal jelly


   Skills:
 + Level 4.9(4.0) Fighting
 + Level 5.6(4.6) Maces & Flails
 + Level 5.2(4.3) Armour
 + Level 2.2(1.3) Dodging
 + Level 5.1(4.2) Shields


You had 7 spell levels left.
You didn't know any spells.

Dungeon Overview and Level Annotations

Branches:
Dungeon (5/15)
 Temple: D:4-7

Altars:
Ashenzari
Cheibriados
Elyvilon
Qazlal
Uskayaw

Annotations:
D:5 unrecovered's ghost, novice DrTm


Innate Abilities, Weirdness & Mutations

You are resistant to torment.
Your stone body is resilient. (AC +5)
You are immune to poison.
You resist negative energy. (rN+)
You are resistant to electric shocks. (rElec)
You can survive without breathing.
You are immune to petrification.
You are immune to rotting.


Message History

The bolt of negative energy hits you! You partially resist.
You feel drained.
You closely miss unrecovered's ghost.
Unrecovered's ghost hits you but does no damage.
Your chain mail prevents you from hitting unrecovered's ghost.
Unrecovered's ghost whispers, "The ORB doesn't exist."
Unrecovered's ghost points at you and mumbles some strange words.
The magic dart hits you!
You miss unrecovered's ghost. Unrecovered's ghost hits you.
* * * LOW HITPOINT WARNING * * *
Unrecovered's ghost completely misses you.
You barely miss unrecovered's ghost. You block unrecovered's ghost's attack.
You closely miss unrecovered's ghost. You block unrecovered's ghost's attack.
Your shield and chain mail prevent you from hitting unrecovered's ghost.
Unrecovered's ghost breathes negative energy at you.
The bolt of negative energy hits you! You partially resist.
You feel drained.
* * * LOW HITPOINT WARNING * * *
You closely miss unrecovered's ghost.
Unrecovered's ghost gestures at you while chanting.
The magic dart hits you!
You die...

######.####
...........#
.#########.##
#..# ##.##
#..# ##.#####
#.....#
##@##..#
.......W....#
.8.......8..#
...........##
.8.......8.#
....!)%....#
!8..._.!.8.#
....###....#


You could see unrecovered's ghost.

Vanquished Creatures
  A sky beast (D:3)
  2 phantoms (D:4)
  An ogre (D:4)
  A bullfrog (D:4)
  A water moccasin zombie (D:3)
  A scorpion (D:4)
  A crimson imp (D:5)
  A hound (D:4)
  2 worker ants (D:4)
  A hound skeleton (D:4)
  A worker ant zombie (D:5)
  Robin (D:4)
  6 adders
  An ooze (D:1)
  3 worms
  A dart slug (D:3)
  3 leopard geckos
  7 orcs
  2 ball pythons
  9 bats
  7 giant cockroaches
  7 hobgoblins
  10 jackals
  2 quokkas
  5 frilled lizards
  19 goblins
  10 kobolds
  A quokka skeleton (D:4)
  7 rats
114 creatures vanquished.

Notes
Turn   | Place    | Note
-------+----------+-------------------------------------------
     0 | D:1      | JeffiDaFish the Gargoyle Fighter began the quest for the Orb.
     0 | D:1      | Reached XP level 1. HP: 14/14 MP: 1/1
   166 | D:1      | Reached XP level 2. HP: 19/19 MP: 2/2
   605 | D:1      | Gained mutation: Your large and strong wings let you fly indefinitely. [potion of mutation]
   605 | D:1      | Gained mutation: You are clumsy. (Dex -2) [potion of mutation]
   605 | D:1      | Gained mutation: You evolve. [potion of mutation]
   724 | D:1      | Reached XP level 3. HP: 24/24 MP: 3/3
  1091 | D:2      | Found a shattered altar of Ashenzari.
  1287 | D:2      | Lost mutation: You are clumsy. (Dex -2) [evolution]
  1463 | D:2      | Reached skill level 1 in Dodging
  1463 | D:2      | Reached XP level 4. HP: 23/29 MP: 4/4
  2192 | D:3      | Reached XP level 5. HP: 19/33 MP: 5/5
  2504 | D:3      | Found a faded altar of an unknown god.
  2626 | D:3      | Found a snail-covered altar of Cheibriados.
  2754 | D:3      | Found a stormy altar of Qazlal.
  2893 | D:3      | Noticed a sky beast
  2907 | D:3      | Killed a sky beast
  2907 | D:3      | Reached XP level 6. HP: 38/38 MP: 6/6
  3475 | D:4      | Noticed Robin
  3495 | D:4      | Reached XP level 7. HP: 43/44 MP: 7/7
  3679 | D:4      | Reached skill level 5 in Maces & Flails
  3679 | D:4      | Reached skill level 5 in Armour
  3792 | D:4      | Lost mutation: Your large and strong wings let you fly indefinitely. [evolution]
  3792 | D:4      | Lost mutation: You evolve. [end of evolution]
  3833 | D:4      | Found a white marble altar of Elyvilon.
  3878 | D:4      | Noticed Eustachio
  3940 | D:4      | Killed Robin
  4103 | D:4      | Reached skill level 5 in Shields
  4201 | D:5      | Entered Level 5 of the Dungeon
  4245 | D:5      | Reached XP level 8. HP: 47/48 MP: 8/8
  4275 | D:5      | Found a hide-covered altar of Uskayaw.
  4278 | D:5      | Noticed unrecovered's ghost (novice DrTm)
  4307 | D:5      | Killed from afar by unrecovered's ghost

Skill      XL: |  1  2  3  4  5  6  7 |
---------------+----------------------+-----
Armour         | 4 5 |  5.2
Dodging        | 1 2 |  2.2
Fighting       | 4 |  4.9
Maces & Flails | 3 4 5 |  5.6
Shields        | 4 5 |  5.1

Action                   |  1- 3 |  4- 6 |  7- 9 || total
-------------------------+-------+-------+-------++-------
Melee: Flail             |   158 |   277 |   204 ||   639
  Use: Scroll            |     7 |     1 |     1 ||     9
       Potion            |     4 |     4 |     3 ||    11
 Stab: Invisible         |       |       |     1 ||     1
  Eat: Chunk             |     2 |     7 |     4 ||    13
Armor: Scale mail        |   146 |   130 |       ||   276
       Chain mail        |       |    65 |   124 ||   189
Dodge: Dodged            |    69 |    74 |    43 ||   186
Block: Shield            |   102 |   140 |    85 ||   327
